Cogmind - Beta 11 X5 @@@ ROGUE MODE // 2021.06.04 @ 12:59:15 Player: Vectis Result: Destroyed by G-47 Trooper with Particle Gun Performance ------------- Evolutions (2) 1000 Regions Visited (5) 1000 Robots Destroyed (62) 310 Value Destroyed (1671) 1671 Prototype IDs (3) 60 Alien Tech Used (0) 0 Bonus (0) 0 TOTAL SCORE: 4041 Bonus ------- None Cogmind --------- Core Integrity 0/550 Matter 300/300 Energy 265/265 System Corruption 4% Temperature Cool (9) Movement Treading (160) Location -8/Materials Parts ------- > --- POWER (1) -------- Improved Ion Engine > --- PROPULSION (3) --- Light Treads Light Treads > --- UTILITY (5) ------ Large Storage Unit Machine Analyzer Improved Light Armor Plating Hacking Suite > --- WEAPON (2) ------- Heavy Hammer Mining Claw > --- INVENTORY (15) --- Light Nuclear Core Light Nuclear Core Enhanced Nuclear Core Aluminum Leg Aluminum Leg Carbon-fiber Leg High-capacity Matter Pod (200) Weight Redist. System Particle Gun Shock Bomb Launcher Mini Grenade Launcher Peak State ------------ > --- POWER ------------ Light Deuterium Engine > --- PROPULSION ------- Aluminum Leg Aluminum Leg Carbon-fiber Leg > --- UTILITY ---------- Large Storage Unit Advanced Visual Processing Unit Improved Signal Interpreter Transmission Jammer Hacking Suite > --- WEAPON ----------- Mining Claw Mining Claw > --- INVENTORY -------- Improved Ion Engine Enhanced Nuclear Core Aluminum Leg Aluminum Leg Improved Heat Sink High-capacity Matter Pod Hardened Light Armor Plating Reflective Plating Particle Gun Shock Bomb Launcher Grenade Launcher Mini Grenade Launcher Heavy Hammer Mining Claw Mining Claw [Rating: 26] Favorites ----------- Power Ion Engine Engine Ion Engine Power Core Enhanced Nuclear Core Propulsion Aluminum Leg Treads Light Treads Leg Aluminum Leg Utility Large Storage Unit Device Heat Sink Storage Large Storage Unit Processor Improved Signal Interpreter Hackware Hacking Suite Protection Light Armor Plating Weapon Mining Claw Energy Gun Medium Laser Energy Cannon Beam Cannon Launcher Grenade Launcher Impact Weapon Mace Slashing Weapon Mining Claw Build | -11 -10 -10 -10 -9 -8 ------- Run | Scr Mat Min Exi Min Mat Slots Evolved 4 | . . . . . 4 Power . | . . . . . . Propulsion 1 | . . . . . 1 Utility 3 | . . . . . 3 Weapon . | . . . . . . Parts Attached 72 | . 19 2 . . 51 Power 9 | . 1 . . . 8 Engine 8 | . 1 . . . 7 Core 1 | . . . . . 1 Reactor . | . . . . . . Propulsion 22 | . 6 . . . 16 Treads 5 | . 2 . . . 3 Leg 17 | . 4 . . . 13 Wheel . | . . . . . . Hover . | . . . . . . Flight . | . . . . . . Utility 24 | . 5 . . . 19 Device 3 | . 1 . . . 2 Storage 2 | . 2 . . . . Processor 3 | . . . . . 3 Hackware 1 | . . . . . 1 Protection 15 | . 2 . . . 13 Artifact . | . . . . . . Weapon 17 | . 7 2 . . 8 Energy Gun . | . . . . . . Energy Cannon 1 | . 1 . . . . Ballistic Gun . | . . . . . . Ballistic Cannon . | . . . . . . Launcher 3 | . 1 1 . . 1 Special Weapon . | . . . . . . Impact Weapon 7 | . 3 1 . . 3 Slashing Weapon 6 | . 2 . . . 4 Piercing Weapon . | . . . . . . Special Melee Weapon . | . . . . . . Unidentified Prototypes 1 | . . . . . 1 Parts Lost 23 | . 2 . . . 21 Power 2 | . . . . . 2 Propulsion 11 | . 1 . . . 10 Utility 5 | . . . . . 5 Weapon 5 | . 1 . . . 4 Highest Loss Streak 4 | . 2 . . . 4 Average Slot Usage (%) 94 | . 97 100 100 100 88 Engine 11 | . 14 14 14 14 8 Treads 2 | . 3 . . . 1 Leg 24 | . 23 28 28 28 24 Device 1 | . 2 . . . 1 Storage 11 | . 14 14 14 14 9 Processor 5 | . . . . . 12 Hackware 1 | . . . . . 4 Protection 10 | . 10 14 14 14 7 Energy Gun 1 | . 4 . . . . Impact Weapon 9 | . 11 13 14 14 4 Slashing Weapon 11 | . 8 14 14 14 13 Naked Turns . | . . . . . . Heaviest Build 44 | 11 33 33 32 32 44 Greatest Support 60 | 20 40 20 20 20 60 Greatest Overweight (x) 1 | . 1 1 1 1 1 Average Overweight (x) . | . . 1 1 1 . Largest Inventory Capacity 15 | . 15 15 15 15 15 Average Capacity 13 | . 10 15 15 15 15 Most Carried 15 | . 15 15 15 15 15 Average Carried 12 | . 9 14 15 15 12 Final Capacity 15 | 8 15 15 15 15 15 Final Carried 15 | 6 15 15 15 15 11 Class Distribution -------------------- 90% | Mutant 9% | Scavenger-Mutant Dominant Class ---------------- Mutant | -10/Materials Mutant | -10/Mines Mutant | -10/Exiles Mutant | -9/Mines Mutant | -8/Materials Resources | -11 -10 -10 -10 -9 -8 ----------- Run | Scr Mat Min Exi Min Mat Matter Collected 931 | 182 228 30 . . 491 Remotely . | . . . . . . Salvage Created 2567 | . 545 41 . . 1981 Parts 126 | . 26 8 . . 92 Haulers Intercepted 5 | . 2 . . . 3 Recyclers Shooed 4 | . 2 . . . 2 Parts Field Recycled . | . . . . . . Retrieved Matter . | . . . . . . Parts Self-Destructed . | . . . . . . Prevented . | . . . . . . Kills | -11 -10 -10 -10 -9 -8 ------- Run | Scr Mat Min Exi Min Mat Combat Hostiles Destroyed 41 | . 7 3 . . 31 Melee 32 | . 4 . . . 28 Guns 3 | . 3 . . . . AOE 6 | . . 3 . . 3 Classes Destroyed 10 | . 6 1 . . 3 Worker 4 | . 1 . . . 3 Tunneler 1 | . . 1 . . . Hauler 5 | . 2 . . . 3 Recycler 7 | . 2 . . . 5 Operator 2 | . . . . . 2 Watcher 2 | . 2 . . . . Swarmer 10 | . 1 3 . . 6 Grunt 21 | . 6 . . . 15 Brawler 1 | . . . . . 1 Sentry 9 | . . . . . 9 Best Kill Streak 8 | . 3 3 . . 8 Combat Bots Only 5 | . 3 3 . . 5 Max Kills in Single Turn 3 | . 1 3 . . 2 Gunslinging . | . . . . . . Exploded 3 | . . 3 . . 2 Melee 1 | . 1 . . . 1 Uniques/NPCs Destroyed . | . . . . . . Combat | -11 -10 -10 -10 -9 -8 -------- Run | Scr Mat Min Exi Min Mat Damage Taken 4068 | . 445 13 . . 3610 Core 605 | . 46 7 . . 552 Absorbed by Shields . | . . . . . . Core Remaining (%) 89 | 100 . . . 78 . Volleys Fired 17 | . 14 1 . . 2 Largest 2 | . 2 1 . . 1 Hottest 110 | . 110 30 . . 30 Shots Fired 29 | . 26 1 . . 2 Gun 20 | . 20 . . . . Cannon 4 | . 4 . . . . Launcher 5 | . 2 1 . . 2 Special . | . . . . . . Kinetic . | . . . . . . Thermal 24 | . 24 . . . . Explosive 5 | . 2 1 . . 2 Electromagnetic . | . . . . . . Robot Hit Streak 13 | . 13 . . . . Robot Miss Streak 3 | . 3 1 . . . Penetration Max . | . . . . . . Secondary Targets . | . . . . . . Shots Hit Robots 234 | . 47 3 . . 184 Core Hits 78 | . 13 4 . . 61 Critical Kills 1 | . . . . . 1 Critical Parts Destroyed 2 | . 1 . . . 1 Critical Strikes 3 | . 1 . . . 2 Smash 3 | . 1 . . . 2 Melee Attacks 338 | . 46 4 . . 288 Impact 62 | . 21 . . . 41 Slashing 276 | . 25 4 . . 247 Piercing . | . . . . . . Sneak Attacks 38 | . 13 3 . . 22 Combat Hostiles 2 | . 2 . . . . Follow-up Attacks 41 | . 5 . . . 36 Damage Inflicted 7179 | . 1442 355 . . 5382 Guns 182 | . 182 . . . . Cannons 36 | . 36 . . . . Explosions 286 | . . 131 . . 155 Melee 6664 | . 1224 224 . . 5216 Ramming 11 | . . . . . 11 Kinetic . | . . . . . . Thermal 218 | . 218 . . . . Explosive 286 | . . 131 . . 155 Electromagnetic . | . . . . . . Impact 1303 | . 573 . . . 730 Slashing 5361 | . 651 224 . . 4486 Piercing . | . . . . . . Highest Corruption 4 | . . . . . 4 Average Corruption 4 | . . . . . 4 Corruption Purged . | . . . . . . Effects 25 | . . . . . 25 Message Errors 10 | . . . . . 10 Matter Fused 7 | . . . . . 7 Heat Flow Errors 4 | . . . . . 4 Energy Discharges 1 | . . . . . 1 Data Loss (minor) 3 | . . . . . 3 Overload Shots . | . . . . . . Overflow Damage 918 | . 338 68 . . 512 Projectiles . | . . . . . . Explosions . | . . . . . . Melee 918 | . 338 68 . . 512 Knockbacks 7 | . 2 . . . 5 Impact 6 | . 2 . . . 4 Kinetic . | . . . . . . Secondary 1 | . . . . . 1 Self-Inflicted Damage . | . . . . . . Shots . | . . . . . . Rammed . | . . . . . . Targets Rammed 4 | . . . . . 4 Kicked 4 | . . . . . 4 Crushed . | . . . . . . Highest Temperature 248 | . 66 . . . 248 Average Temperature 53 | . 28 . . . 72 Received Heat Transfer 2040 | . 123 . . . 1917 Siege Activations . | . . . . . . Robots Corrupted . | . . . . . . Combat Hostiles . | . . . . . . Parts Fried 3 | . 3 . . . . Impact Corruptions 8 | . 7 . . . 1 Robots Melted . | . . . . . . Combat Hostiles . | . . . . . . Parts Melted . | . . . . . . Heat Transferred 557 | . 557 . . . . Parts Sabotaged . | . . . . . . Parts Stolen . | . . . . . . Parts Stripped . | . . . . . . Power Chain Reactions . | . . . . . . Missiles Intercepted . | . . . . . . Alert | -11 -10 -10 -10 -9 -8 ------- Run | Scr Mat Min Exi Min Mat Peak Influence 334 | . 137 79 . . 334 Initial 4 | . . 4 . . . Average 67 | . 46 46 . . 90 Maximum Alert Level 1 | . . . . . 1 Low Security (%) 92 | . 100 100 . 100 85 Level 1 7 | . . . . . 14 Level 2 . | . . . . . . Level 3 . | . . . . . . Level 4 . | . . . . . . Level 5 . | . . . . . . High Security . | . . . . . . Max Security . | . . . . . . Squads Dispatched 11 | . 3 . . . 8 Investigation 3 | . 2 . . . 1 Extermination . | . . . . . . Reinforcement 4 | . 1 . . . 3 Assault . | . . . . . . Garrison 4 | . . . . . 4 Intercept . | . . . . . . Construction Impeded 1 | . . . . . 1 Haulers Reinforced . | . . . . . . Cargo Convoy Interrupts . | . . . . . . Stealth | -11 -10 -10 -10 -9 -8 --------- Run | Scr Mat Min Exi Min Mat Distress Signals 8 | . 2 . . . 6 Communications Jammed . | . . . . . . Distress Signals . | . . . . . . Times Spotted 77 | . 23 3 . . 51 Peak Tracking Total 7 | . 5 3 . . 7 Tactical Retreats 4 | . 1 . . . 3 Traps | -11 -10 -10 -10 -9 -8 ------- Run | Scr Mat Min Exi Min Mat Traps Triggered 1 | . . . . . 1 Indirectly . | . . . . . . Trap Hack Attempts . | . . . . . . Triggered . | . . . . . . Disarmed . | . . . . . . Reprogrammed . | . . . . . . Reused . | . . . . . . Traps Extracted . | . . . . . . Installed . | . . . . . . Triggered . | . . . . . . Machines | -11 -10 -10 -10 -9 -8 ---------- Run | Scr Mat Min Exi Min Mat Machines Disabled 1 | . . . . . 1 Max in Single Turn 1 | . . . . . 1 Machines Sabotaged 1 | . 1 . . . . Garrisons Compromised . | . . . . . . Overloaded Fab Kills . | . . . . . . Fab Network Shutdowns . | . . . . . . Hacking | -11 -10 -10 -10 -9 -8 --------- Run | Scr Mat Min Exi Min Mat Machines Accessed 15 | . 7 . 1 . 7 Terminals 10 | . 6 . . . 4 Fabricators . | . . . . . . Repair Stations 1 | . 1 . . . . Recycling Units 2 | . . . . . 2 Scanalyzers 1 | . . . . . 1 Garrison Access . | . . . . . . Total Hacks 43 | . 26 . 1 . 16 Successful 28 | . 16 . 1 . 11 Failed 14 | . 9 . . . 5 Catastrophic 1 | . 1 . . . . Database Lockouts 1 | . 1 . . . . Manual 26 | . 14 . . . 12 Terminals 31 | . 22 . . . 9 Fabricators . | . . . . . . Repair Stations 4 | . 4 . . . . Recycling Units 5 | . . . . . 5 Scanalyzers 2 | . . . . . 2 Garrison Access . | . . . . . . Terminal Hacks 9 | . 6 . 1 . 2 Record 2 | . 1 . 1 . . Robot Analysis 2 | . 1 . . . 1 Prototype ID Bank 1 | . 1 . . . . Unreport Threat 2 | . 1 . . . 1 Locate Traps 1 | . 1 . . . . Zone Layout 1 | . 1 . . . . Fabricator Hacks . | . . . . . . Repair Station Hacks 2 | . 2 . . . . Scan Component 1 | . 1 . . . . Repair 1 | . 1 . . . . Recycling Unit Hacks . | . . . . . . Scanalyzer 2 | . . . . . 2 Insert Component 1 | . . . . . 1 Analyze 1 | . . . . . 1 Garrison Access Hacks . | . . . . . . Unauthorized Hacks 15 | . 8 . . . 7 Terminals 12 | . 8 . . . 4 Track 4 | . 4 . . . . Assimilate 1 | . . . . . 1 Botnet 6 | . 3 . . . 3 Sabotage 1 | . 1 . . . . Fabricators . | . . . . . . Repair Stations . | . . . . . . Recycling Units 3 | . . . . . 3 Reject 1 | . . . . . 1 Mask 2 | . . . . . 2 Scanalyzers . | . . . . . . Garrison Access . | . . . . . . Data Cores Recovered . | . . . . . . Used . | . . . . . . Hacking Detections 11 | . 6 . . . 5 Full Trace Events 1 | . 1 . . . . Feedback Events . | . . . . . . Feedback Blocked . | . . . . . . Robot Schematics Acquired . | . . . . . . Robots Built . | . . . . . . Matter . | . . . . . . Time . | . . . . . . Total Robot Build Rating . | . . . . . . Part Schematics Acquired 1 | . . . . . 1 Parts Built . | . . . . . . Matter . | . . . . . . Time . | . . . . . . Total Part Build Rating . | . . . . . . Parts Repaired 1 | . 1 . . . . Time 26 | . 26 . . . . Parts Recycled . | . . . . . . Recycled Matter . | . . . . . . Retrieved Matter . | . . . . . . Retrieved Components . | . . . . . . Parts Scanalyzed 1 | . . . . . 1 Part Schematics Acquired 1 | . . . . . 1 Parts Damaged . | . . . . . . Bothacking | -11 -10 -10 -10 -9 -8 ------------ Run | Scr Mat Min Exi Min Mat Used RIF Installer . | . . . . . . Robots Hacked . | . . . . . . Non-combat . | . . . . . . Combat . | . . . . . . Robot Hacks Applied . | . . . . . . Relay Couplers Released . | . . . . . . Robots Rewired . | . . . . . . Allies Hacked . | . . . . . . Hacks Repelled . | . . . . . . Allies | -11 -10 -10 -10 -9 -8 -------- Run | Scr Mat Min Exi Min Mat Total Allies . | . . . . . . Largest Group . | . . . . . . Highest-Rated Group . | . . . . . . Highest-Rated Ally . | . . . . . . Total Orders . | . . . . . . Ally Attacks . | . . . . . . Total Damage . | . . . . . . Kills . | . . . . . . Allies Corrupted . | . . . . . . Allies Melted . | . . . . . . Intel | -11 -10 -10 -10 -9 -8 ------- Run | Scr Mat Min Exi Min Mat Robot Analysis Total 2 | . 1 . . . 1 Derelict Logs Recovered 1 | . . . . 1 . Drone Launches . | . . . . . . Drone Recoveries . | . . . . . . Exploration | -11 -10 -10 -10 -9 -8 ------------- Run | Scr Mat Min Exi Min Mat Turns Passed 5499 | . 2052 287 662 102 2396 Spaces Moved 2366 | 1 989 135 332 52 857 Core . | . . . . . . Treads 215 | . 170 . . . 45 Legs 2151 | 1 819 135 332 52 812 Wheels . | . . . . . . Hover . | . . . . . . Flight . | . . . . . . Fastest Speed 120 | 120 120 200 200 200 120 Average Speed 168 | 120 170 200 200 200 145 Slowest Speed 200 | 120 200 200 200 200 200 Overloaded Moves . | . . . . . . Propulsion Burnouts . | . . . . . . Robots Hopped . | . . . . . . Cave-ins Triggered . | . . . . . . Exploration Rate (%) 47 | 2 92 29 66 28 70 Regions Visited 5 Branch Regions 3 Pre-discovered Areas 1 | . . . 1 . . Known Exits Taken . | . . . . . . Unknown Exits Taken 5 | 1 1 1 1 1 . Scrap Searched 1 | . . 1 . . . Spaces Dug 27 | . 14 . . . 13 Terrain Destroyed 46 | . 23 10 . . 13 Melee 19 | . 6 . . . 13 Projectile . | . . . . . . AOE 27 | . 17 10 . . . Terrain Rammed . | . . . . . . Walls Destroyed . | . . . . . . Machines Disabled . | . . . . . . Actions | -11 -10 -10 -10 -9 -8 --------- Run | Scr Mat Min Exi Min Mat Total 3300 | . 1260 143 331 51 1515 Wait 483 | . 169 . . . 314 Move 2361 | . 988 134 331 51 857 Hop . | . . . . . . Pick Up 34 | . 17 1 . . 16 Fast Attach 22 | . 5 . . . 17 Attach 30 | . 4 . . . 26 Detach 8 | . . . . . 8 Swap 20 | . 10 2 . . 8 Drop 44 | . 16 1 . . 27 Fire 17 | . 14 1 . . 2 Melee 277 | . 37 4 . . 236 Ram . | . . . . . . Kick 4 | . . . . . 4 Crush . | . . . . . . Escape Stasis . | . . . . . . Rewire . | . . . . . . Trap . | . . . . . . Miscellaneous . | . . . . . . Route ------- -11/Scrapyard -10/Materials (discovered 4 exits: [*Mat x3] / [*Min]) -10/Mines (discovered 2 exits: [*Mat] / *Exi) -10/Exiles -9/Mines -8/Materials (discovered 2 exits: *Fac x2) History --------- Turn | Location | Event 1 | -11/Scrapyard | Discovered new exit (range 0) 1 | -11/Scrapyard | Entered Materials 200 | -10/Materials | Discovered new exit (range 15) 295 | -10/Materials | Discovered new exit (range 16) 321 | -10/Materials | Build established: Mutant 436 | -10/Materials | Central database locked down 479 | -10/Materials | Discovered new exit (range 16) 1408 | -10/Materials | Discovered new exit (range 3) 1674 | -10/Materials | Repaired Mining Claw 2053 | -10/Materials | Entered Mines 2236 | -10/Mines | Discovered new exit (range 12) 2250 | -10/Mines | Deemed a non-threat by the Exiles lab entrance 2250 | -10/Mines | Discovered new exit (range 5) 2340 | -10/Mines | Entered Exiles 2388 | -10/Exiles | Met 8R-AWN 2424 | -10/Exiles | Met EX-HEX 2502 | -10/Exiles | Met EX-DEC 2574 | -10/Exiles | Discovered new exit (range 11) 2652 | -10/Exiles | Learned location of Zion (-7) 2825 | -10/Exiles | Visited The Gauntlet 3002 | -10/Exiles | Entered Mines 3022 | -9/Mines | Learned Materials interactive machine intel 3070 | -9/Mines | Discovered new exit (range 16) 3104 | -9/Mines | Entered Materials 3104 | -8/Materials | Evolved 4 slots: Propulsion x1, Utility x3 3105 | -8/Materials | Loaded intel: 19 interactive machine locations 3363 | -8/Materials | Garrison activated, responded to threat 3508 | -8/Materials | Garrison activated, responded to threat 3515 | -8/Materials | Lost 3 parts (1p2n) 3752 | -8/Materials | Discovered new exit (range 15) 3764 | -8/Materials | Lost 4 parts (3n1u) 3807 | -8/Materials | Identified exit to Factory 4508 | -8/Materials | Discovered exit to Factory (range 20) 4535 | -8/Materials | Core integrity fell below 50% 4843 | -8/Materials | Build established: Scavenger-Mutant 5336 | -8/Materials | Build established: Mutant 5434 | -8/Materials | Core integrity fell below 20% 5500 | -8/Materials | Destroyed by G-47 Trooper with Particle Gun Last Messages --------------- 05415_ Reflective Plating destroyed. 05417_ Matter Filter disabled. 05426_ Mining Claw follow-up attack on G-50 Soldier. 05437_ System corrupted: Matter fused (-6). 05438_ G-50 Soldier destroyed. 05445_ G-47 Trooper Lgt. Nuclear Core ripped off. 05448_ Mining Claw follow-up attack on G-47 Trooper. 05457_ Mining Claw destroyed. 05461_ Lgt. Treads destroyed. 05461_ G-47 Trooper destroyed. 05462_ Acquired 31 matter. 05467_ G-47 Trooper suffers critical hit (Smash). 05467_ Destroyed Imp. Heat Sink. 05467_ G-47 Trooper system corrupted by crushing effect. 05475_ G-47 Trooper IFF system glitched. 05476_ Mining Claw follow-up attack on G-47 Trooper. 05481_ G-47 Trooper IFF system glitched. 05483_ Mining Claw follow-up attack on G-47 Trooper. 05483_ G-47 Trooper destroyed. 05487_ Mining Claw follow-up attack on G-47 Trooper. Map ----- +----------------------------------------------------+ | ?????????????????????????????????????"""?? | | ?????????????????????????????????????????? | | ?????????????????????????????????????????? | | ?????????????????????????????????????????? | | ?????????????????????????????????????????? | | ????????????????????????????????????? ???? | | ?????????????????????????""?????????? ???? | | ?????????????????????????"T?????????? ???? | | ?????????????????????????""?????????? ???? | | ????????????????????????????????????#+#??? | | ?????"?""??? ??????????????????????? #??? | | ?????"R""?? ??????????????????????# #??? | | ?????"""???? ?????????????????????# #??? | | ??????????? !???#######????????### ###? | | ??????????# ! ??# ! ########## #? | | ??????????# ## * #? | | ??????????# * #? | | ?????????????????### =%%%#? | | ???????????????????# ##########=!%[*#? | | ???????????????????## ##????????###+#### | | ????????????????????# #?????????#[[* ! # | | ??################### ###########* [[% # | | ??# * # !# ## !%] # | | ??# """""# """ # %[#! """"" ## # | | ??# """""# """ # [# """"" ## "Y" # | | ??# """""# """ # #@%""""" ## """ # | | ### """""# %/ [g%=%%%%" ######### | | # !"""""#"" """ # g#*%""""" #???????? | | + ! """""#"T """ # #* """"" #???????? | | # """""#"" """ # #[ """"" #???????? | | # # # # # #???????? | | # ################### ##########???????? | | # #???????# ### # !!#????????????? | | # #???????# ## # !!#????????????? | | # #???????# # # ==#????????????? | | #+####????# # ==#????????????? | | #????# !+% ==#????????????? | | #????# # ==#????????????? | | #????# # #####????????????? | | #????# # #????????????????? | | #????########### #????????????????? | | #????# + #????????????????? | | ######????# # #????????????????? | | ??????????# ### #????????????????? | | ??????????# ????# #????????????????? | | +????####??????# #????????????????? | | ######?????########## ###########??????? | | ???????????# # #] ! #??????? | | ???????????# # # #??????? | | ???????????# # # ! #??????? | +----------------------------------------------------+ Best States ------------- Heat Dissipation 45 Energy Generation 14 Energy Capacity 265 Matter Stores 300 Matter Capacity 300 Sight Range 20 Terrain Scan Density 10 Jamming Range 8 Armor Coverage 600 Resistance: TH 10 Evasion (%) 55 Recoil Reduction 3 Offensive Hacking 10 Item Schematics ----------------- Shock Bomb Launcher | -8/Materials | Scanalyzed Robot Schematics ------------------ None Fabricated ------------ Nothing Alien Tech Used ----------------- None Achievements -------------- None Challenges ------------ None Game ------ Seed ShieldPotentialMace Manual? 0 Play Time 00:38:23 Cumulative 257.1 hours Start 2021.06.04 @ 12:22:24 End 2021.06.04 @ 12:59:15 Sessions 1 Manual Loads 0 Difficulty Rogue Special Mode None Game No. 114 Rogue 114 Adventurer 0 Explorer 0 Win Type - Total 9 Types 7/0/0/1/0/1/0/0/0 Lore% 83 Gallery% 83 Achievement% 74 Wizard Run 0 Options --------- ASCII 1 Keyboard 0 Movement Numpad Keybinds 0 Fullscreen 1 Font 18/Smallcaps Map View 76x50 Tactical HUD 1 Map Filters NONE Filters NONE Steam 1 RUN: 63200078-44cf-46de-abce-190e2c490865